Map: 永恒帝国-天梯版

Players

浮夸与胖子 - Winner!

  • Race: Protoss Protoss
  • League: Gold

Adrian

  • Race: Zerg Zerg

VOD

Have the link to the VOD?

Description

Time

  • Played on: Aug. 30, 2020, 7:27 a.m.
  • Length: 10:42
Show
View Real Time Build Order
Export as new Build Order

浮夸与胖子 Protoss - Winner!

Build Orders: 1 Gate Expand 

Get SALT Encoding   

  12  0:00  Probe  
  13  0:13  Probe  
  14  0:19  Pylon  
  14  0:25  Probe  
  15  0:37  Probe  
  15  0:40  Gateway  
  16  0:49  Probe  
  17  1:01  Probe  
  18  1:15  Nexus  
  18  1:26  Assimilator  
  18  1:34  Probe (Chrono Boost)  
  18  1:39  Assimilator  
  19  1:45  Probe (Chrono Boost)  
  20  1:50  Probe (Chrono Boost)  
  21  2:00  Cybernetics Core, Probe (Chrono Boost)  
  22  2:12  Probe (Chrono Boost), Pylon  
  23  2:22  Pylon  
  23  2:26  Probe  
  24  2:33  Gateway  
  24  2:39  Warp Gate  
  24  2:40  Adept  
  24  2:43  Shield Battery  
  26  2:46  Probe  
  26  2:47  Probe  
  28  2:59  Probe x2  
  30  3:06  Stargate  
  30  3:12  Shield Battery, Adept  
  32  3:17  Probe x2  
  34  3:29  Probe x2, Adept  
  38  3:37  Pylon  
  38  3:47  Probe x2  
  40  3:52  Assimilator  
  40  3:59  Probe x2  
  40  4:03  Void Ray  
  44  4:11  Probe x2  
  44  4:12  Stargate  
  46  4:19  Assimilator  
  46  4:23  Probe x2  
  48  4:30  Pylon  
  48  4:36  Protoss Air Weapons Level 1  
  48  4:37  Stargate  
  48  4:40  Probe x2  
  50  4:52  Probe  
  51  4:53  Stalker x2, Pylon  
  51  4:56  Void Ray  
  59  5:08  Nexus  
  59  5:11  Void Ray  
  63  5:26  Probe x2  
  65  5:38  Probe x2  
  65  5:39  Pylon  
  65  5:42  Pylon  
  67  5:48  Void Ray x2  
  67  5:51  Void Ray  
  79  6:05  Forge  
  79  6:08  Forge  
  79  6:27  Void Ray  
  79  6:37  Probe x3  
  79  6:39  Fleet Beacon  
  86  6:49  Probe x3  
  86  6:53  Protoss Shields Level 1  
  89  6:56  Photon Cannon  
  89  6:58  Photon Cannon  
  89  7:01  Probe x3, Robotics Facility  
  89  7:06  Shield Battery  
  89  7:07  Pylon  
  92  7:13  Void Ray  
  92  7:14  Protoss Ground Armor Level 1  
  96  7:27  Photon Cannon  
  96  7:28  Probe x2  
  96  7:29  Probe  
  99  7:30  Assimilator, Unknown  
  99  7:34  Assimilator  
  99  7:40  Probe  
  100  7:53  Protoss Air Weapons Level 2 (Chrono Boost)  
  100  7:56  Immortal  
  104  8:01  Zealot x2, Pylon  
  108  8:16  Void Ray  
  108  8:17  Void Ray  
  108  8:18  Void Ray  
  120  8:47  Photon Cannon  
  120  8:48  Photon Cannon  
  120  8:51  Shield Battery  
  120  8:59  Pylon  
  116  9:21  Nexus  
  108  9:29  Void Ray  
  108  9:30  Void Ray x2  
  124  10:26  Pylon  
  124  10:27  Pylon  
  112  10:30  Pylon  
Show
View Real Time Build Order
Export as new Build Order

Adrian Zerg 

Build Orders: Hatch First 

Get SALT Encoding   

  13  0:08  Drone  
  13  0:13  Overlord  
  13  0:18  Drone  
  14  0:32  Drone  
  14  0:34  Drone  
  16  0:51  Hatchery  
  16  0:54  Drone  
  16  0:58  Drone  
  17  1:10  Drone  
  18  1:17  Drone  
  19  1:26  Drone  
  19  1:29  Extractor  
  19  1:32  Spawning Pool  
  18  1:45  Drone  
  19  1:53  Drone  
  20  1:59  Drone  
  21  2:11  Drone x2  
  23  2:16  Overlord  
  23  2:22  Queen x2  
  25  2:25  Zergling x2  
  25  2:29  Overlord  
  28  2:42  Zergling x4  
  28  2:43  Drone  
  31  2:53  Metabolic Boost  
  31  2:55  Drone x2  
  33  3:01  Drone  
  34  3:21  Drone x4  
  34  3:26  Hatchery  
  38  3:28  Hatchery  
  38  3:31  Drone x2  
  39  3:39  Drone  
  39  3:40  Drone x4  
  44  3:41  Overlord x2  
  44  3:48  Drone  
  44  3:55  Extractor  
  42  3:57  Queen  
  43  4:03  Lair  
  43  4:07  Extractor  
  42  4:12  Roach Warren  
  42  4:13  Drone  
  42  4:14  Drone x4  
  46  4:31  Drone x4  
  46  4:32  Drone x2  
  52  4:39  Extractor  
  52  4:41  Spore Crawler  
  52  4:43  Spore Crawler  
  49  4:46  Drone x3  
  52  4:53  Queen  
  52  4:55  Drone x4  
  52  4:56  Drone x4  
  62  5:08  Zergling x6  
  65  5:21  Spire  
  65  5:25  Overlord x4  
  65  5:26  Zergling x2  
  65  5:31  Extractor  
  65  5:32  Extractor, Spore Crawler  
  62  6:15  Roach x2  
  62  6:16  Roach x8  
  81  6:28  Drone x2  
  81  6:29  Drone x4  
  81  6:30  Overlord x2  
  81  6:31  Zergling x4  
  89  6:35  Zerg Flyer Weapons Level 1  
  89  6:36  Hatchery  
  88  6:56  Glial Reconstitution  
  88  6:57  Baneling Nest  
  88  6:58  Roach x7  
  88  6:59  Roach x2  
  103  7:26  Zergling x2  
  103  7:27  Zergling x20  
  114  7:34  Hatchery  
  114  7:35  Overlord  
  114  7:36  Overlord x3  
  113  7:37  Ravager  
  113  7:39  Overlord x3  
  113  7:40  Hatchery  
  113  8:02  Ravager x4  
  113  8:03  Ravager x3  
  120  8:07  Drone x3  
  120  8:08  Drone x2  
  120  8:10  Drone x4  
  129  8:25  Overlord  
  129  8:26  Overlord x2  
  130  8:27  Zergling x22  
  130  8:28  Centrifical Hooks  
  140  8:34  Evolution Chamber  
  140  8:36  Zergling x2  
  140  8:37  Zergling x8  
  140  8:38  Evolution Chamber  
  143  8:54  Infestation Pit  
  141  8:56  Ravager x5  
  132  9:13  Lair  
  128  9:20  Hydralisk Den  
  106  9:31  Queen x2  
  106  9:32  Queen x3  
  110  9:51  Hydralisk x11  
  110  9:52  Hydralisk x7  
  133  10:05  Overlord x4  
  133  10:06  Overlord x2  
  129  10:07  Hydralisk  
Tags
 
Add a new tag
Caveats
  • Supply blocks, unpowered buildings, or Contaminate may cause inaccurate times.
  • Supply counts are checked every 10 seconds.